 Dungeon Crawl Stone Soup version 0.27-a0-380-g150de4c (webtiles) character file.

Game seed: 4486616057201545105

690 MrTaco21 the Basher (level 7, -3/41 HPs)
             Began as a Gargoyle Fighter on Feb 17, 2021.
             Was an Initiate of Gozag.
             Killed from afar by Maggie (13 damage)
             ... with a bolt of fire
             ... on level 6 of the Dungeon.
             The game lasted 00:06:41 (5241 turns).

MrTaco21 the Basher (Gargoyle Fighter)              Turns: 5241, Time: 00:06:41

Health: -3/41      AC: 13    Str: 21    XL:     7   Next: 63%
Magic:  7/7        EV:  7    Int: 15    God:    Gozag
Gold:   570        SH:  9    Dex:  9    Spells: 6/6 levels left

rFire    . . .     SeeInvis +   i - +3 whip (drain)
rCold    . . .     Faith    .   c - +0 kite shield
rNeg     + . .     Spirit   .   b - +0 scale mail
rPois    ∞         Reflect  .   (no helmet)
rElec    +         Harm     .   (no cloak)
rCorr    .         Rampage  .   p - +0 pair of gloves
Will     .....                  y - +0 pair of boots
Stlth    ..........             (no amulet)
HPRegen  0.13/turn              o - +6 ring of intelligence
MPRegen  0.10/turn              z - ring of see invisible

@: no status effects
A: negative energy resistance 1, electricity resistance, unbreathing,
petrification resistance, miasma immunity, AC +4
a: Renounce Religion, Potion Petition, Call Merchant, Bribe Branch


You were on level 6 of the Dungeon.
You worshipped Gozag.
Gozag was pleased with you.
You visited 2 branches of the dungeon, and saw 7 of its levels.

You collected 595 gold pieces.
You paid 25 gold pieces to Gozag.

Inventory:

Hand Weapons
 i - a +3 whip of draining (weapon)
   (You took it off a kobold on level 1 of the Dungeon)
 A - the +4 falchion of Untruth {flame, Will+ Int+2}
   (You found it on level 6 of the Dungeon)

   It has been specially enchanted to burn those struck by it, causing extra
   injury to most foes and up to half again as much damage against particularly
   susceptible opponents.
   Big, fiery blades are also staple armaments of hydra-hunters.
   It affects your intelligence (+2).
   It affects your willpower, your defense against some magical effects.
Missiles
 j - 11 poisoned darts (quivered)
Armour
 b - a +0 scale mail (worn)
 c - a +0 kite shield (worn)
 p - a +0 pair of gloves (worn)
   (You found it on level 2 of the Dungeon)
 y - a +0 pair of boots (worn)
   (You found it on level 6 of the Dungeon)
Jewellery
 o - a +6 ring of intelligence (left hand)
   (You found it on level 2 of the Dungeon)
 z - a ring of see invisible (right hand)
   (You found it on level 4 of the Dungeon)
Scrolls
 e - 6 scrolls of teleportation {@r4}
 f - a scroll of enchant armour {unknown}
 g - a scroll of magic mapping {unknown}
 h - a scroll of blinking {unknown}
 l - 2 scrolls of enchant weapon
 m - 2 scrolls of fog {unknown}
 q - a scroll of amnesia {unknown}
 r - a scroll of fear {unknown}
 s - a scroll of identify {@r1}
 v - a scroll of random uselessness
Potions
 a - 3 potions of haste {unknown}
 d - 2 potions of might
 k - 2 potions of heal wounds {unknown}
 n - 5 potions of degeneration {unknown}
 t - 4 potions of flight {unknown}
 u - 2 potions of mutation {unknown}
 w - a potion of curing {unknown}
 x - a potion of brilliance {unknown}


   Skills:
 - Level 3.2 Fighting
 + Level 8.4 Maces & Flails
 - Level 3.2 Armour
 - Level 3.2 Shields


You had 6 spell levels left.
You didn't know any spells.
Your spell library was empty.

Dungeon Overview and Level Annotations

Branches:
Dungeon (6/15)             Temple (1/1) D:4

Altars:
Ashenzari
Cheibriados
Elyvilon
Fedhas
Gozag
Hepliaklqana
Kikubaaqudgha
Makhleb
Nemelex Xobeh
Okawaru
Qazlal
Ru
Sif Muna
Trog
Uskayaw
Vehumet
Wu Jian
Xom
Yredelemnul
Zin
The Shining One

Annotations:
D:6 Maggie


Innate Abilities, Weirdness & Mutations

You are resistant to torment.
Your stone body is resilient. (AC +4)
You are immune to poison.
You resist negative energy. (rN+)
You are resistant to electric shocks. (rElec)
You can survive without breathing.
You are immune to petrification.
You are immune to miasma.


Message History

Throw: 15 darts (poison)
Aim: Maggie, wielding a +2 vorpal scimitar and wearing +0 steam dragon scales (54% to hit)
You throw a poisoned dart. The poisoned dart hits Maggie.
Maggie is poisoned.
Throw: 14 darts (poison)
Aim: Maggie, wielding a +2 vorpal scimitar and wearing +0 steam dragon scales (lightly wounded, poisoned, 54% to hit)
You throw a poisoned dart. The poisoned dart hits Maggie.
Maggie looks even sicker.
Maggie casts a spell.
Maggie attempts to bespell you! You resist with almost no effort.
Throw: 13 darts (poison)
Aim: Maggie, wielding a +2 vorpal scimitar and wearing +0 steam dragon scales (lightly wounded, very poisoned, 54% to hit)
You throw a poisoned dart.
The poisoned dart closely misses Maggie.
Maggie points at you and mumbles some strange words.
The bolt of fire hits you!
Throw: 12 darts (poison)
Aim: Maggie, wielding a +2 vorpal scimitar and wearing +0 steam dragon scales (lightly wounded, very poisoned, 54% to hit)
You throw a poisoned dart. The poisoned dart hits Maggie.
Maggie looks even sicker.
Maggie points at you and mumbles some strange words.
The bolt of fire hits you!
* * * LOW HITPOINT WARNING * * *
You are too injured to fight recklessly!
You are too injured to fight recklessly!
You are too injured to fight recklessly!
You are too injured to fight recklessly!
Unknown command.
You are too injured to fight recklessly!
You are too injured to fight recklessly!
You are too injured to fight recklessly!
Unknown command.
You are too injured to fight recklessly!
You are too injured to fight recklessly!
Unknown command.
You hit Maggie. Maggie hits you but does no damage.
Unknown command.
You hit Maggie. You drain Maggie. You block Maggie's attack.
Unknown command.
You whack Maggie! You drain Maggie.
Unknown command.
You hit Maggie.
Maggie hits you with a +2 vorpal scimitar!
* * * LOW HITPOINT WARNING * * *
* * * LOW HITPOINT WARNING * * *
You barely miss Maggie.
Maggie says, "Leave now, and tell all of Margery's mercy!"
Maggie casts a spell at you. The bolt of fire hits you!
You die...
Your body crumbles into a pile of gold.

... #####...## #.#
.(.#.....## ### #.#
#(.......## ##.###.#
##.........####...##.#
..$.(......+.......#.#
.....(....#####...##.###
#...@...#≈#...........
#...@.##≈#.##.###..#.
##.....#≈#.##.# #..#
##+##..≈..##.###..#
#..≈..##......# $
##.≈..##..###.#
####.##.(###.#.
#.##(.......
####.........##
.........#####


You could see Maggie (very poisoned, drained).

Vanquished Creatures
  An ogre (D:6)
  Blork the orc (D:6)
  A bullfrog (D:2)
  A howler monkey (D:4)
  2 hounds
  A jelly (D:5)
  A bullfrog skeleton (D:6)
  5 orc wizards
  A worker ant (D:4)
  7 adders
  A white imp (D:3)
  An adder zombie (D:3)
  3 worms
  5 dart slugs
  A leopard gecko (D:1)
  10 orcs
  8 bats
  5 giant cockroaches
  4 goblins
  7 hobgoblins
  8 jackals
  2 quokkas
  2 frilled lizards
  11 kobolds
  A leopard gecko zombie (D:5)
  6 rats
96 creatures vanquished.

Vanquished Creatures (others)
  A wizard (D:4)
1 creature vanquished.

Grand Total: 97 creatures vanquished

Notes
Turn   | Place    | Note
-------+----------+-------------------------------------------
     0 | D:1      | MrTaco21 the Gargoyle Fighter began the quest for the Orb.
     0 | D:1      | Reached XP level 1. HP: 14/14 MP: 1/1
   195 | D:2      | Reached XP level 2. HP: 11/19 MP: 2/2
   341 | D:1      | Reached skill level 3 in Maces & Flails
   509 | D:1      | Reached XP level 3. HP: 23/23 MP: 3/3
  1041 | D:2      | Reached skill level 4 in Maces & Flails
  1122 | D:2      | Found an opulent altar of Gozag.
  1170 | D:2      | Reached XP level 4. HP: 28/28 MP: 4/4
  1324 | D:2      | Became a worshipper of Gozag Ym Sagoz the Greedy
  1979 | D:2      | Noticed a bullfrog
  1985 | D:2      | Killed a bullfrog
  1986 | D:2      | Reached skill level 5 in Maces & Flails
  1986 | D:2      | Reached XP level 5. HP: 27/32 MP: 5/5
  2451 | D:3      | Reached skill level 6 in Maces & Flails
  2462 | D:3      | Reached XP level 6. HP: 31/37 MP: 6/6
  2777 | D:3      | Found a glowing golden altar of the Shining One.
  3246 | D:4      | Reached skill level 7 in Maces & Flails
  3377 | D:4      | Found a staircase to the Ecumenical Temple.
  3409 | D:4      | Found a bloodstained altar of Trog.
  3410 | D:4      | Noticed a wizard
  3416 | D:4      | Killed a wizard
  3927 | Temple   | Entered the Ecumenical Temple
  4096 | D:5      | Entered Level 5 of the Dungeon
  4165 | D:5      | Reached XP level 7. HP: 36/41 MP: 7/7
  4390 | D:5      | Noticed a komodo dragon
  4808 | D:6      | Reached skill level 8 in Maces & Flails
  4974 | D:6      | Noticed Blork the orc
  4982 | D:6      | Killed Blork the orc
  5104 | D:6      | Got an ancient falchion
  5201 | D:6      | Identified the +4 falchion of Untruth {flame, Will+ Int+2}
                  | (You found it on level 6 of the Dungeon)
  5231 | D:6      | Noticed Maggie
  5241 | D:6      | Killed from afar by Maggie

Illustrated notes

Levels and vault maps discovered:
D:1:      eino_arrival_cavern_e, layout_loops_ring
D:2:      layout_loops_corners, hangedman_abyss_or_decor_stabs,
          grunt_gozag_breadcrumbs
D:3:      layout_rooms, chequers_serial_rivers_small_a,
          nicolae_tso_carved_into_rock
D:4:      layout_cave_pods, minmay_temple_entry_mini_moons, trog_wizard
D:5:      lemuel_insect_pit, layout_loops_corners, serial_shops,
          nicolae_shop_overgrown_old_shop, minmay_manual_mandibuliform
D:6:      layout_loops_corners, serial_rivers, chequers_serial_rivers_micro_b,
          chequers_serial_rivers_small_b, chequers_serial_rivers_micro_c,
          chequers_serial_rivers_room_a, chequers_serial_rivers_large_b,
          chequers_serial_rivers_room_b, basic_altar, uniq_blork_the_orc,
          uniq_grinder, uniq_maggie
Temple:   regret_index_temple_chain_breaker

Skill      XL: |  1  2  3  4  5  6  7 |
---------------+----------------------+-----
Maces & Flails | 3 4 5 6 7 8 |  8.4
Fighting       | |  3.2
Armour         | |  3.2
Shields        | |  3.2

Action                   |  1- 3 |  4- 6 |  7- 9 || total
-------------------------+-------+-------+-------++-------
Melee: Flail             |    92 |       |       ||    92
       Whip              |    24 |   195 |    48 ||   267
Throw: Dart              |       |       |     4 ||     4
  Use: Scroll            |       |       |     4 ||     4
 Stab: Distracted        |       |     1 |       ||     1
Armor: Scale mail        |   105 |    90 |    15 ||   210
Dodge: Dodged            |    47 |    33 |     5 ||    85
Block: Kite shield       |    77 |    54 |    17 ||   148

Table legend: (Time is in decaauts)
 A = Elapsed time spent in this place.
 B = Non-inter-level travel time spent in this place.
 C = Inter-level travel time spent in this place.
 D = Time resting spent in this place.
 E = Time spent auto-exploring this place.
 F = Levels seen in this place.
 G = Mean time per level.
                   A        B        C        D        E       F      G
               +--------+--------+--------+--------+--------+-----+--------+
         Total |   5298 |   5115 |    183 |    905 |   3277 |   7 |  756.9 |
       Dungeon |   5146 |   4970 |    176 |    905 |   3133 |   6 |  857.7 |
        Temple |    152 |    145 |      7 |      0 |    144 |   1 |  152.0 |
               +--------+--------+--------+--------+--------+-----+--------+

Top non-repeatable levels by time:
     D:2: 1321 daAuts
     D:4: 1021 daAuts
     D:3: 850 daAuts
     D:1: 808 daAuts
     D:6: 805 daAuts
     D:5: 338 daAuts
  Temple: 152 daAuts
